 Dungeon Crawl Stone Soup version 0.25.1-2-g60ff931df9 (webtiles) character file.

Game seed: 11138880358977364395

111 Doot the Conjurer (level 4, -7/24 HPs)
             Began as a Deep Elf Conjurer on Sept 12, 2020.
             Killed by divine providence
             ... invoked by an orc priest
              (8 damage)
             ... on level 3 of the Dungeon.
             The game lasted 00:03:10 (1761 turns).

Doot the Conjurer (Deep Elf Conjurer)               Turns: 1761, Time: 00:03:11

Health: -7/24      AC:  2    Str:  5    XL:     4   Next: 62%
Magic:  7/12       EV: 13    Int: 21    God:
Gold:   60         SH:  0    Dex: 15    Spells: 4/11 levels left

rFire    . . .     SeeInvis .   g - +0 short sword
rCold    . . .     Gourm    .   (no shield)
rNeg     . . .     Faith    .   a - +0 robe
rPois    .         Spirit   .   (no helmet)
rElec    .         Reflect  .   (no cloak)
rCorr    .         Harm     .   (no gloves)
MR       .....                  (no boots)
Stlth    ++........             (no amulet)
HPRegen  0.08/turn              (no ring)
MPRegen  0.13/turn              (no ring)

@: no status effects
A: no striking features
a: no special abilities


You were on level 3 of the Dungeon.
You were hungry.

You visited 1 branch of the dungeon, and saw 4 of its levels.

You collected 60 gold pieces.

Inventory:

Hand Weapons
 g - a +0 short sword (weapon)
Armour
 a - a +0 robe (worn)
Scrolls
 b - a scroll of fog {unknown}
 d - a scroll of identify {unknown}
 f - a scroll of amnesia {unknown}
Potions
 e - a potion of curing {unknown}
Comestibles
 c - 6 rations
 h - 3 chunks of flesh


   Skills:
 + Level 2.5 Dodging
 + Level 2.6 Stealth
 + Level 4.0 Spellcasting
 + Level 6.1 Conjurations


You had 4 spell levels left.
You knew the following spells:

 Your Spells              Type           Power        Failure   Level  Hunger
a - Magic Dart            Conj           ####         1%          1    None
b - Searing Ray           Conj           ####..       1%          2    #......
c - Iskenderun's Mystic   Conj/Tloc      ###.....     32%         4    ####...

Your spell library contained the following spells:

 Spells                   Type           Power        Failure   Level  Hunger
 Dazzling Flash           Conj/Hex       ###...       10%         3    ###....
 Fulminant Prism          Conj/Hex       ###.......   32%         4    ####...


Dungeon Overview and Level Annotations

Branches:
Dungeon (4/15)
 Temple: D:4-7

Altars:

Annotations:
D:4 Edmund


Message History

Confirm with . or Enter, or press ? or * to list all spells.
Aiming: Searing Ray (safe; 1% risk of failure)
Press: ? - help, Shift-Dir - straight line, f - orc
Aim: an orc The searing ray hits the orc!
You kill the orc! (Press . to maintain the ray.)
The bat barely misses you.
The searing ray hits the orc!
You kill the orc!
Your Spellcasting skill increases to level 4!
The bat misses you. The bat completely misses you. The bat closely misses you.
The kobold hits you.
* * * LOW HITPOINT WARNING * * *
The bat hits you but does no damage.
You see here a +0 club.
The bat closely misses you.
The orc priest mumbles some strange prayers to Beogh against you.
Beogh smites you!
You die...

.............#
.............#
....####.....#
. #.....#
####o...##
##.#o###..?..
#.#K## (.....
##b#(# .....
#@#.## .....
.......####
.... .......
.... .......
......?
#######


You could see an orc priest, an orc, a bat and a kobold.

Vanquished Creatures
  An orc priest (D:2)
  A hound (D:4)
  An orc wizard (D:2)
  A worm (D:2)
  A leopard gecko (D:1)
  4 orcs
  3 bats
  3 giant cockroaches
  A hobgoblin (D:2)
  2 frilled lizards
  A goblin (D:2)
  A kobold (D:3)
  A rat (D:1)
21 creatures vanquished.

Notes
Turn   | Place    | Note
-------+----------+-------------------------------------------
     0 | D:1      | Doot the Deep Elf Conjurer began the quest for the Orb.
     0 | D:1      | Reached XP level 1. HP: 10/10 MP: 6/6
   331 | D:2      | Reached XP level 2. HP: 15/15 MP: 5/8
   358 | D:2      | Learned a level 2 spell: Searing Ray
   423 | D:2      | Reached skill level 5 in Conjurations
   747 | D:2      | Reached XP level 3. HP: 19/19 MP: 5/9
   963 | D:2      | Reached XP level 4. HP: 24/24 MP: 6/11
  1147 | D:2      | Learned a level 4 spell: Iskenderun's Mystic Blast
  1554 | D:4      | Reached skill level 6 in Conjurations
  1740 | D:4      | Noticed Edmund
  1752 | D:3      | HP: 1/24 [orc priest/divine providence (7)]
  1760 | D:3      | HP: 1/24 [kobold (1)]
  1761 | D:3      | Killed from afar by an orc priest

Illustrated notes

Levels and vault maps discovered:
D:1:      dpeg_arrival_round_b, layout_basic, chequers_avenue, minmay_bisected
D:2:      layout_basic, lightli_temple_of_fire, first_ration
D:3:      layout_basic, hex_intersection, minivault_24, serial_park_tiny_2,
          uniq_sigmund
D:4:      layout_loops_corners, gammafunk_temple_overflow_pools,
          old_standard_altar, serial_shops, shop, uniq_natasha, uniq_edmund

Skill      XL: |  1  2  3  4 |
---------------+-------------+-----
Conjurations   | 5 6 |  6.1
Spellcasting   | 4 |  4.0
Dodging        | |  2.5
Stealth        | |  2.6

Action                   |  1- 3 |  4- 6 || total
-------------------------+-------+-------++-------
 Cast: Magic Dart        |    17 |    11 ||    28
       Searing Ray       |     2 |     5 ||     7
  Eat: Chunk             |       |     2 ||     2
Armor: Robe              |     1 |     5 ||     6
Dodge: Dodged            |     5 |    13 ||    18
